 Dungeon Crawl Stone Soup version 0.31-a0-321-g19405a7a6a (webtiles) character file.

Game seed: 453904110353806874

990 lunkers the Grappler (level 8, -1/91 HPs)
             Began as a Meteoran Shapeshifter on July 17, 2023.
             Was a Follower of the Shining One.
             Slain by a hornet (4 damage)
             ... on level 7 of the Dungeon.
             The game lasted 00:05:37 (2621 turns).

lunkers the Grappler (Meteoran Shapeshifter)        Turns: 2621, Time: 00:05:37

Health: -1/91      AC: 24    Str: 23    XL:     8   Next: 69%
Magic:  9/9        EV:  2    Int: 10    God:    the Shining One [*.....]
Gold:   312        SH:  0    Dex: 16    Spells: 7/7 levels left

rFire   . .          .
                       - Unarmed
rCold   . . .        (no shield)
rNeg    . . .        f - melded +1 scale mail
rPois   +            (helmet currently unavailable)
rElec   .            (cloak currently unavailable)
rCorr   .            (gloves currently unavailable)
SInv    .            (boots currently unavailable)
Will    +++..        (no amulet)
Stlth   +            t - ring of willpower
HPRegen 0.35/turn    u - ring "Sustrekk" {Will+ Str+6 Slay+3}
MPRegen 0.11/turn

%: no passive effects
@: tree-form, glowing
A: stationary, stasis, torment immunity, boosted hp, sense surroundings 1,
otherworldly, glowing, explore regen
a: Renounce Religion, Divine Shield


You were on level 7 of the Dungeon.
You worshipped the Shining One.
The Shining One was aware of your devotion.
You were a tree.
You visited 1 branch of the dungeon, and saw 7 of its levels.

You collected 312 gold pieces.

Inventory:

Armour
 f - a +1 scale mail (melded)
 o - a +0 plate armour
Jewellery
 h - a ring of positive energy
 t - a ring of willpower (left branch)
 u - the ring "Sustrekk" (right branch) {Will+ Str+6 Slay+3}
   (You found it on level 5 of the Dungeon)

   [ring of strength]

   Str:       It affects your strength (+6).
   Slay:      It affects your accuracy & damage with ranged weapons and melee
   (+3).
   Will:      It increases your willpower.
Talismans
 c - a beast talisman
Wands
 a - a wand of flame (22)
 r - a wand of light (5)
Scrolls
 d - a scroll of identify
 g - 2 scrolls of blinking
 p - a scroll of enchant armour
Potions
 i - 2 potions of mutation
 j - a potion of invisibility
 l - 2 potions of degeneration
 q - a potion of magic


   Skills:
 - Level 2.1 Fighting
 - Level 2.4 Dodging
 + Level 11.2 Unarmed Combat
 - Level 3.6 Shapeshifting


You had 7 spell levels left.
You didn't know any spells.
Your spell library was empty.

Dungeon Overview and Level Annotations

Branches:
Dungeon (7/15) Zot: 1608   Temple (0/1) D:6

Altars:
Ashenzari
Cheibriados
Elyvilon
Gozag
Hepliaklqana
Kikubaaqudgha
Sif Muna
Vehumet
Zin
The Shining One

Annotations:
D:5 3 runed translucent doors, porpoise's ghost, novice TeHu


Innate Abilities, Weirdness & Mutations

You are a tree.
Your roots penetrate the ground, keeping you stationary.
You cannot be teleported.
You are immune to unholy pain and torment.
Your maximum health is greatly increased.
Your equipment is partially melded.
You passively map a small area around you.
You are easily found by Zot.
You glow in the dark.
You regain HP and MP as you explore.


Message History

The black bear bites you but does no damage.
The black bear claws you but does no damage. x2
The hornet stings you.
* * * LOW HITPOINT WARNING * * *
You feel better.
You feel yourself speed up.
The hornet stings you but does no damage.
The black bear barely misses you.
The black bear claws you but does no damage. x2
The hornet stings you but does no damage.
The black bear bites you but does no damage.
The black bear barely misses you.
The black bear claws you but does no damage.
You barely miss the hornet.
The hornet is severely wounded.
The hornet stings you but does no damage.
The black bear bites you but does no damage.
The black bear claws you.
* * * LOW HITPOINT WARNING * * *
The black bear claws you but does no damage.
You hit the hornet.
The hornet is almost dead.
The hornet stings you!
* * * LOW HITPOINT WARNING * * *
The hornet stings you.
* * * LOW HITPOINT WARNING * * *
The black bear bites you but does no damage.
The black bear claws you but does no damage. x2
You hit the hornet but do no damage.
The hornet is almost dead.
The hornet stings you.
* * * LOW HITPOINT WARNING * * *
You feel yourself slow down.
The black bear bites you but does no damage.
The black bear barely misses you. The black bear completely misses you.
You hit the hornet.
The hornet is almost dead.
You feel yourself speed up. The hornet stings you.
You die...

#...........# ,
*#...........# * , ,
+...........# *
#.....##..#.######..
..........>...........
**,
###########......###..
, , .h...........# * ,
* .########.##.#.# * ,
......y♣h.!..#[# ,
###...###.####.# #.. *
#... , ., * #. ##### #
#. * #, ,, , * * , , *
, , * , * , **


You could see a hornet and a black bear.

Vanquished Creatures
  An ogre (D:5)
  A phantom (D:5)
  2 scorpions
  4 wights
  A howler monkey (D:5)
  2 hounds
  An orc priest (D:6)
  2 sleepcaps
  6 orc wizards
  2 iguanas
  3 adders
  A white imp (D:6)
  2 ufetubi
  2 worms (D:3)
  2 dart slugs (D:1)
  10 orcs
  3 endoplasms
  A giant cockroach (D:3)
  9 goblins
  4 hobgoblins
  2 jackals (D:2)
  3 quokkas
  5 ball pythons
  3 bats
  5 frilled lizards
  5 kobolds
  4 rats
86 creatures vanquished.

Notes
Turn   | Place    | Note
-------+----------+-------------------------------------------
     0 | D:1      | lunkers the Meteoran Shapeshifter began the quest for the
                  | Orb.
     0 | D:1      | Reached XP level 1. HP: 17/17 MP: 2/2
    41 | D:1      | Found a faded altar of an unknown god.
   157 | D:1      | Reached skill level 3 in Unarmed Combat
   157 | D:1      | Reached XP level 2. HP: 13/24 MP: 3/3
   328 | D:1      | Reached XP level 3. HP: 29/29 MP: 4/4
   395 | D:1      | Reached skill level 4 in Unarmed Combat
   899 | D:3      | Reached XP level 4. HP: 28/36 MP: 5/5
   921 | D:3      | Reached skill level 5 in Unarmed Combat
  1160 | D:4      | Reached XP level 5. HP: 37/41 MP: 6/6
  1193 | D:4      | Reached skill level 6 in Unarmed Combat
  1202 | D:4      | Reached XP level 6. HP: 33/48 MP: 7/7
  1258 | D:4      | Reached skill level 7 in Unarmed Combat
  1605 | D:4      | Found a glowing golden altar of the Shining One.
  1608 | D:4      | Found a white marble altar of Elyvilon.
  1609 | D:4      | Found a glowing silver altar of Zin.
  1615 | D:4      | Became a worshipper of the Shining One
  1635 | D:5      | Entered Level 5 of the Dungeon
  1672 | D:5      | HP: 2/48 [orc/+0 club (3)]
  1759 | D:5      | Found a runed translucent gate.
  1760 | D:5      | Found a runed translucent gate.
  1760 | D:5      | Found an opulent altar of Gozag.
  1761 | D:5      | Found a runed translucent gate.
  1771 | D:5      | Noticed a yak
  1771 | D:5      | Noticed porpoise's ghost (novice TeHu)
  1796 | D:5      | Reached XP level 7. HP: 47/55 MP: 8/8
  1811 | D:5      | Reached skill level 8 in Unarmed Combat
  1832 | D:5      | Identified the ring "Sustrekk" {Will+ Str+6 Slay+3}
  1884 | D:5      | Reached skill level 9 in Unarmed Combat
  1886 | D:5      | Found a shimmering blue altar of Sif Muna.
  1981 | D:5      | Found a broken altar of Ashenzari.
  1981 | D:5      | Found a radiant altar of Vehumet.
  1983 | D:5      | Found an ancient bone altar of Kikubaaqudgha.
  2014 | D:5      | Found a snail-covered altar of Cheibriados.
  2016 | D:5      | Found a hazy altar of Hepliaklqana.
  2180 | D:6      | Reached XP level 8. HP: 61/61 MP: 9/9
  2211 | D:6      | Reached * piety under the Shining One
  2217 | D:6      | Reached skill level 10 in Unarmed Combat
  2333 | D:6      | Reached skill level 11 in Unarmed Combat
  2606 | D:7      | Noticed a hornet
  2620 | D:7      | HP: 2/91 [hornet (5)]
  2621 | D:7      | Slain by a hornet

Illustrated notes

Levels and vault maps discovered:
D:1:      lightli_arrival_statuegarden, layout_basic,
          shapermc_ecumenical_altar_totnotflames
D:2:      layout_basic, minmay_octomino_j4
D:3:      layout_rooms, uniq_natasha
D:4:      layout_basic, good_gods_temple_1
D:5:      layout_rooms, nicolae_overflow_hidden_temple,
          mainiacjoe_overflow_alcove_4, ebering_ghost_gozag
D:6:      layout_gridville, minmay_temple_entry_crystal_x
D:7:      layout_basic, mrwooster_statue_mirror, uniq_prince_ribbit1

Skill      XL: |  1  2  3  4  5  6  7  8 |
---------------+-------------------------+-----
Unarmed Combat | 3 4 5 6 7 9 11 | 11.2
Fighting       | |  2.1
Dodging        | |  2.4
Shapeshifting  | |  3.6

Action                     |  1- 3 |  4- 6 |  7- 9 || total
---------------------------+-------+-------+-------++-------
  Melee: Unarmed           |    85 |   112 |    67 ||   264
         Punch             |       |     7 |     6 ||    13
    Use: Scroll            |       |       |    13 ||    13
         Potion            |       |       |     2 ||     2
 Armour: Animal skin       |     9 |       |       ||     9
         Scale mail        |    15 |    46 |    15 ||    76
         Plate armour      |     6 |    16 |       ||    22
         Skin              |       |       |    22 ||    22
  Dodge: Dodged            |    37 |    37 |    27 ||   101

Table legend: (Time is in decaauts)
 A = Elapsed time spent in this place.
 B = Non-inter-level travel time spent in this place.
 C = Inter-level travel time spent in this place.
 D = Time resting spent in this place.
 E = Time spent auto-exploring this place.
 F = Levels seen in this place.
 G = Mean time per level.
                   A        B        C        D        E       F      G
               +--------+--------+--------+--------+--------+-----+--------+
         Total |   2590 |   2525 |     65 |      0 |   1797 |   7 |  370.0 |
       Dungeon |   2590 |   2525 |     65 |      0 |   1797 |   7 |  370.0 |
               +--------+--------+--------+--------+--------+-----+--------+

Top non-repeatable levels by time:
     D:4: 492 daAuts
     D:5: 476 daAuts
     D:2: 472 daAuts
     D:6: 445 daAuts
     D:1: 415 daAuts
     D:3: 241 daAuts
     D:7: 47 daAuts
